 Dungeon Crawl Stone Soup version 0.17.2-1-ge4368a0 (webtiles) character file.

1461 Goblin1989 the Basher (level 8, -4/58 HPs)
             Began as a Demonspawn Fighter on Oct 8, 2016.
             Was an Initiate of Gozag.
             Blown up by an orc (20 damage)
             ... with a wand of disintegration
             ... on level 5 of the Dungeon.
             The game lasted 00:23:19 (4668 turns).

Goblin1989 the Basher (Demonspawn Fighter)          Turns: 4668, Time: 00:23:19

Health: -4/58      AC: 11    Str: 19    XL:     8   Next: 48%
Magic:  8/8        EV: 12    Int:  9    God:    Gozag
Gold:   464        SH:  9    Dex: 18    Spells: 0 memorised, 7 levels left

rFire  . . .     SeeInvis .     b - +1 whip (freeze)
rCold  . . .     Clarity  .     d - +0 scale mail
rNeg   . . .     SustAt   .     c - +0 shield
rPois  .         Gourm    .     (helmet restricted)
rElec  .         Spirit   .     j - +2 cloak
rCorr  .         Warding  .     (no gloves)
rMut   .         Stasis   .     (no boots)
MR     .....                    (no amulet)
Stlth  +.........               (no ring)
                                (no ring)

@: agile, very slightly contaminated, not resistant to hostile enchantments,
very unstealthy
A: horns 1, yellow scales 1, powered by pain 1
a: Potion Petition, Call Merchant, Bribe Branch, Renounce Religion


You were on level 5 of the Dungeon.
You worshipped Gozag.
Gozag was noncommittal.
You were hungry.

You visited 2 branches of the dungeon, and saw 6 of its levels.
You also visited: Ossuary.

You collected 600 gold pieces.
You paid 136 gold pieces to Gozag.

Inventory:

Hand Weapons
 a - a +0 flail
 b - a +1 whip of freezing (weapon)
Armour
 c - a +0 shield (worn)
 d - a +0 scale mail (worn)
 j - a +2 cloak (worn)
 s - a +0 pair of boots
 x - a +0 pair of boots
Jewellery
 l - a +3 ring of protection {unknown}
Scrolls
 g - 3 scrolls of amnesia
 h - a scroll of recharging {unknown}
 k - 7 scrolls of remove curse {@r2}
 o - 2 scrolls of enchant weapon {unknown}
 w - a scroll of enchant armour {unknown}
 B - a scroll of blinking
 R - 6 scrolls of identify {@r1}
 T - a scroll of teleportation {@r4}
Potions
 e - 2 potions of poison {unknown}
 f - a potion of invisibility
 i - 6 potions of curing {unknown}
 m - 5 potions of heal wounds {unknown}
 n - a potion of mutation {unknown}
 q - a potion of haste {unknown}
 r - 2 potions of agility {unknown}
 t - a potion of resistance {unknown}
 u - 2 potions of brilliance {unknown}
Comestibles
 p - 4 meat rations
 z - 2 bread rations


   Skills:
 - Level 3.0 Fighting
 + Level 9.8 Maces & Flails
 - Level 2.6 Armour
 - Level 2.6 Shields


You had 7 spell levels left.
You didn't know any spells.

Dungeon Overview and Level Annotations

Branches:
Dungeon (5/15)             Temple (1/1) D:4

Altars:
Cheibriados
Gozag
Kikubaaqudgha
Okawaru
Ru
Trog
Zin
The Shining One


Innate Abilities, Weirdness & Mutations

You have a pair of small horns on your head.
You are partially covered in yellow scales (AC +2).
You sometimes gain a little power by taking damage.


Message History

The orc hits you but does no damage.
You hit the orc. You freeze the orc.
You kill the orc!
You hit the orc but do no damage.
The orc zaps a wand.
You are blasted!
You block the orc's attack.
You hit the orc. You freeze the orc. You headbutt the orc, but do no damage.
The orc is moderately wounded.
You hit the orc but do no damage.
The orc is moderately wounded.
The orc zaps a wand.
You are blasted!
* * * LOW HITPOINT WARNING * * *
You focus on the pain.
You feel agile all of a sudden. The orc barely misses you.
You are too injured to fight recklessly!
You take 36 damage, and have 16/58 hp.
MASSIVE DAMAGE!!
You barely miss the orc.
The orc is moderately wounded.
The orc zaps a wand.
You are blasted!
You die...

..ਜਜ.....ਜਜ
..ਜ.......ਜ...) .
..ਜ.......ਜ.......ਜ ..
..ਜ.......ਜ.......ਜ ....
ਜ.ਜਜ.....ਜਜਜ.....ਜ ....
ਜ..ਜਜ...ਜਜ ਜ...ਜ ....
ਜਜ..ਜਜ)ਜਜਜਜਜਜਜ∆ਜਜਜਜਜਜਜ∆ਜ
ਜਜ.(...................
ਜ.............@oo.....
ਜ..............o......
ਜਜਜਜ∆ਜਜਜਜਜਜਜ∆ਜਜਜਜਜਜਜ∆ਜ
ਜਜ...ਜਜ ਜਜ...ਜਜ
ਜਜ.....ਜਜਜ.....ਜਜ
ਜ.......ਜ.......ਜ
ਜ.......ਜ.......ਜ
ਜ.......ਜ...[...ਜ
ਜਜ.....ਜਜਜ.....ਜਜ $


You could see an orc wizard and 2 orcs.

Vanquished Creatures
  Pikel (D:5)
  Eustachio (D:5)
  4 slaves (D:5)
  The ghost of Sapher the Chopper, an amateur DDGl (D:5)
  A centaur (D:5)
  A jelly (D:5)
  A hound (D:4)
  A crimson imp (D:5)
  A giant frog skeleton (D:3)
  3 orc priests
  4 orc wizards
  Natasha (twice) (D:2)
  2 worker ants
  8 mummies (Ossuary)
  8 adders
  A shadow imp (D:5)
  2 oozes
  6 worms
  15 orcs
  A ball python (D:2)
  5 bats
  4 giant cockroaches
  A goblin (D:1)
  5 hobgoblins
  5 jackals (D:1)
  6 kobolds
  A quokka (D:3)
  A giant gecko (D:4)
  2 giant newts
  3 gnoll zombies (Ossuary)
  3 hobgoblin zombies (Ossuary)
  A jackal zombie (D:5)
  A kobold zombie (Ossuary)
  An orc zombie (Ossuary)
  5 rats
108 creatures vanquished.

Vanquished Creatures (others)
  An orc (D:5)
1 creature vanquished.

Grand Total: 109 creatures vanquished

Notes
Turn   | Place    | Note
--------------------------------------------------------------
     0 | D:1      | Goblin1989 the Demonspawn Fighter began the quest for the Orb.
     0 | D:1      | Reached XP level 1. HP: 18/18 MP: 1/1
   528 | D:1      | Gained mutation: You have a pair of small horns on your head. [demonic ancestry]
   528 | D:1      | Reached XP level 2. HP: 22/24 MP: 2/2
   739 | D:2      | Found a faded altar to an unknown god.
   763 | D:2      | Reached XP level 3. HP: 21/29 MP: 3/3
  1043 | D:2      | Noticed Natasha
  1050 | D:2      | Killed Natasha
  1050 | D:2      | Reached skill level 4 in Maces & Flails
  1050 | D:2      | Reached XP level 4. HP: 28/35 MP: 4/4
  1532 | D:2      | Noticed Natasha
  1536 | D:2      | Killed Natasha
  1855 | D:3      | Gained mutation: You sometimes gain a little power by taking damage. [demonic ancestry]
  1855 | D:3      | Reached XP level 5. HP: 24/41 MP: 5/5
  2059 | D:3      | Reached skill level 5 in Maces & Flails
  2539 | D:4      | Found a sand-covered staircase.
  2558 | Ossuary  | Entered an ossuary
  2593 | Ossuary  | Gained mutation: You are partially covered in yellow scales (AC +2). [demonic ancestry]
  2593 | Ossuary  | Reached XP level 6. HP: 35/47 MP: 6/6
  2621 | Ossuary  | Reached skill level 6 in Maces & Flails
  3901 | D:4      | Found a staircase to the Ecumenical Temple.
  3912 | Temple   | Entered the Ecumenical Temple
  3931 | Temple   | Became a worshipper of Gozag Ym Sagoz the Greedy
  3968 | D:5      | Entered Level 5 of the Dungeon
  4385 | D:5      | Noticed Sapher's ghost (amateur DDGl)
  4393 | D:5      | Noticed Eustachio
  4399 | D:5      | Killed Sapher's ghost
  4399 | D:5      | Reached skill level 7 in Maces & Flails
  4399 | D:5      | Reached XP level 7. HP: 49/52 MP: 7/7
  4411 | D:5      | Killed Eustachio
  4434 | D:5      | Noticed Pikel
  4479 | D:5      | Reached skill level 8 in Maces & Flails
  4525 | D:5      | Killed Pikel
  4525 | D:5      | Reached skill level 9 in Maces & Flails
  4525 | D:5      | Reached XP level 8. HP: 36/58 MP: 8/8
  4668 | D:5      | Blown up by an orc

Action                   |  1- 3 |  4- 6 |  7- 9 || total
-------------------------+-------+-------+-------++-------
Melee: Flail             |    70 |   243 |    58 ||   371
       Whip              |       |       |    34 ||    34
Invok: Potion Petition   |       |       |     1 ||     1
  Use: Scroll            |       |     7 |       ||     7
       Potion            |       |     1 |     2 ||     3
 Stab: Invisible         |       |       |     9 ||     9
  Eat: Chunk             |       |     4 |       ||     4
       Pizza             |       |     1 |     1 ||     2
       Bread ration      |       |     1 |       ||     1
       Fruit             |       |       |     2 ||     2

Vault maps used:
D:1:      dpeg_arrival_pond
D:2:      ecumenical_altar_2, uniq_natasha
D:4:      minmay_temple_entry_poolview, lightli_ossuary_entry_decrepit_ruins,
          serial_bayou_lagoon_b
D:5:      kennysheep_six_static_rooms, first_bread, uniq_eustachio, uniq_pikel,
          uniq_duvessa
Temple:   zaba_magenta_temple_12
Ossuary:  ossuary_tomb_3
